 Dungeon Crawl Stone Soup version 0.32-a0-630-g46d191b0ed (webtiles) character file.

Game seed: 4521535283280346126

159 Alarak the Covert (level 5, -1/34 HPs)
             Began as an Octopode Brigand on Mar 6, 2024.
             Slain by an orc
             ... wielding a +0 hand axe
              (2 damage)
             ... on level 3 of the Dungeon.
             The game lasted 00:03:35 (1747 turns).

Alarak the Covert (Octopode Brigand)                Turns: 1747, Time: 00:03:36

Health: -1/34      AC:  1    Str: 10    XL:     5   Next: 40%
Magic:  5/5        EV: 13    Int: 14    God:
Gold:   148        SH:  0    Dex: 15    Spells: 4/4 levels left

rFire   . . .        a - +2 dagger
rCold   . . .        (no shield)
rNeg    . . .        (helmet restricted)
rPois   .            (no amulet)
rElec   .            d - ring of wizardry
rCorr   .            (no ring)
SInv    .            (no ring)
Will    .....        (no ring)
Stlth   +++++        (no ring)
HPRegen 0.25/turn    (no ring)
MPRegen 0.09/turn    (no ring)
                     (no ring)

%: wizardry (x1)
@: no status effects
A: almost no armour, amphibious, 8 rings, camouflage 1, gelatinous body 1,
(nimble swimmer 1), tentacles
a: no special abilities


You were on level 3 of the Dungeon.
You visited 1 branch of the dungeon, and saw 3 of its levels.

You collected 148 gold pieces.

Inventory:

Hand Weapons
 a - a +2 dagger (weapon)
Missiles
 b - 9 poisoned darts (quivered)
 c - 3 curare-tipped darts
Jewellery
 d - a ring of wizardry (left tentacle)
 e - a ring of resist corrosion
Scrolls
 h - a scroll of fear
 i - a scroll of blinking
Potions
 f - 2 potions of heal wounds
 g - 2 potions of haste
 j - a potion of mutation
 k - a potion of curing
 l - a potion of berserk rage {unknown}


   Skills:
 - Level 2.0 Fighting
 - Level 3.0 Short Blades
 - Level 2.0 Throwing
 + Level 1.9 Dodging
 - Level 8.0 Stealth


You had 4 spell levels left.
You didn't know any spells.
Your spell library contained the following spells:

 Spells                   Type           Power      Damage    Failure   Level
 Magic Dart               Conj           0%         1d3       12%         1
 Blink                    Tloc           0%         N/A       17%         2
 Call Imp                 Summ           0%         N/A       17%         2
 Summon Ice Beast         Ice/Summ       0%         N/A       32%         3
 Summon Mana Viper        Hex/Summ       0%         N/A       95%         5
 Monstrous Menagerie      Summ           0%         N/A       100%        7


Dungeon Overview and Level Annotations

Branches:
Dungeon (3/15)

Altars:

Shops:
D:3 [


Innate Abilities, Weirdness & Mutations

You cannot wear most types of armour.
You are amphibious.
You can wear up to eight rings at the same time.
Your skin changes colour to match your surroundings (Stealth+).
Your rubbery body absorbs attacks. (AC +1, EV +1)
((You are camouflaged when in or above water. (Stealth+)))
You have tentacles for arms and can constrict up to eight enemies at once.


Message History

The orc moves out of view.
An orc comes into view. It is wielding a +0 hand axe.
An orc comes into view. It is wielding a +0 mace.
The helpless Natasha fails to defend herself.
You spit Natasha like a pig!!!
You kill Natasha!
Natasha screams in fury as she dies!
The orc shouts!
The orc completely misses you.
You hit the orc. You grab the orc.
The orc is lightly wounded.
You constrict the orc. The orc hits you with a +0 mace!
The orc hits you with a +0 hand axe. The orc closely misses you.
You hit the orc but do no damage.
The orc is heavily wounded.
You constrict the orc. The orc closely misses you.
The orc hits you with a +0 hand axe. The orc barely misses you.
You are too injured to fight recklessly!
You are too injured to fight recklessly!
You release your grip on the orc.
The orc attacks as it pursues you! The orc hits you with a +0 flail.
The orc attacks as it pursues you! The orc hits you with a +0 hand axe!
* * * LOW HITPOINT WARNING * * *
You barely miss the orc. You grab the orc.
You squeeze the orc, but do no damage.
The orc is severely wounded.
You constrict the orc, but do no damage.
The orc barely misses you.
You hit the orc but do no damage.
The orc is severely wounded.
You constrict the orc.
You kill the orc!
You hit the orc. You grab the orc.
The orc is severely wounded.
You constrict the orc.
You kill the orc!
The orc throws a boomerang.
The boomerang hits you.
* * * LOW HITPOINT WARNING * * *
The orc hits you with a +0 hand axe.
You die...

#......##..........##.#
#########.########.##.#
.. #.##.[ ..
#######.###. #.
#[......# ## #.
#.####### #. #.#
#.########.#
#.....@....#
..........o######
##########..... ######


You could see an orc.

Vanquished Creatures
  Natasha (D:3)
  A gnoll (D:1)
  4 adders
  A dart slug (D:1)
  3 orcs (D:3)
  2 ball pythons (D:2)
  12 endoplasms
  9 giant cockroaches
  3 goblins
  9 hobgoblins
  9 jackals (D:1)
  A quokka (D:2)
  4 bats (D:2)
  4 frilled lizards
  3 kobolds
  11 rats
77 creatures vanquished.

Notes
Turn   | Place    | Note
-------+----------+-------------------------------------------
     0 | D:1      | Alarak the Octopode Brigand began the quest for the Orb.
     0 | D:1      | Reached XP level 1. HP: 14/14 MP: 1/1
     1 | D:1      | Found a runed translucent door.
   127 | D:1      | Found a faded altar of an unknown god.
   150 | D:1      | Reached skill level 6 in Stealth
   150 | D:1      | Reached XP level 2. HP: 19/19 MP: 2/2
   287 | D:1      | Reached XP level 3. HP: 19/24 MP: 3/3
   488 | D:1      | Reached skill level 7 in Stealth
   604 | D:2      | Reached XP level 4. HP: 29/29 MP: 4/4
   872 | D:2      | Reached skill level 8 in Stealth
  1557 | D:3      | Reached XP level 5. HP: 30/34 MP: 5/5
  1585 | D:3      | Found Suympyenk's Armour Shoppe.
  1727 | D:3      | Noticed Natasha
  1732 | D:3      | Killed Natasha
  1746 | D:3      | HP: 1/34 [orc/boomerang (6)]
  1747 | D:3      | Slain by an orc

Illustrated notes

Levels and vault maps discovered:
D:1:      dpeg_arrival_caged_fury, layout_rooms, ebering_ecumenical_altar_ruins
D:2:      layout_basic
D:3:      layout_loops_ring, nicolae_ru_sacrificial_ziggurat, serial_shops,
          nicolae_shop_window_shopping, kennysheep_generic_room_15, uniq_natasha

Skill      XL: |  1  2  3  4 |
---------------+-------------+-----
Stealth        | 6 7 8 |  8.0
Short Blades   | 3 |  3.0
Fighting       | |  2.0
Throwing       | |  2.0
Dodging        | |  1.9

Action                     |  1- 3 |  4- 6 || total
---------------------------+-------+-------++-------
  Melee: Dagger            |    57 |    63 ||   120
         Constrict         |    16 |    16 ||    32
         Tentacles         |    14 |    11 ||    25
    Use: Scroll            |       |     7 ||     7
   Stab: Sleeping          |     6 |    16 ||    22
         Distracted        |       |     1 ||     1
 Armour: Skin              |    17 |    22 ||    39
  Dodge: Dodged            |    13 |    30 ||    43

Table legend: (Time is in decaauts)
 A = Elapsed time spent in this place.
 B = Non-inter-level travel time spent in this place.
 C = Inter-level travel time spent in this place.
 D = Time resting spent in this place.
 E = Time spent auto-exploring this place.
 F = Levels seen in this place.
 G = Mean time per level.
                   A        B        C        D        E       F      G
               +--------+--------+--------+--------+--------+-----+--------+
         Total |   1732 |   1687 |     45 |    142 |   1151 |   3 |  577.3 |
       Dungeon |   1732 |   1687 |     45 |    142 |   1151 |   3 |  577.3 |
               +--------+--------+--------+--------+--------+-----+--------+

Top non-repeatable levels by time:
     D:2: 780 daAuts
     D:1: 588 daAuts
     D:3: 363 daAuts
